 Dungeon Crawl Stone Soup version 0.25-a0-189-gf71692caf1 (webtiles) character file.

Game seed: 9726460727807352825, levelgen mode: deterministic

106 Leeroy the Conjurer (level 4, -5/33 HPs)
             Began as a Draconian Conjurer on Nov 29, 2019.
             Slain by a gnoll (6 damage)
             ... on level 3 of the Dungeon.
             The game lasted 00:04:49 (3843 turns).

Leeroy the Conjurer (Draconian Conjurer)            Turns: 3843, Time: 00:04:50

Health: -5/33      AC:  6    Str: 10    XL:     4   Next: 55%
Magic:  7/7        EV: 12    Int: 17    God:
Gold:   105        SH:  0    Dex: 11    Spells: 0/7 levels left

rFire    . . .     SeeInvis .   q - +3 whip
rCold    . . .     Gourm    +   (no shield)
rNeg     . . .     Faith    .   (armour unavailable)
rPois    .         Spirit   .   (helmet restricted)
rElec    .         Reflect  .   (no cloak)
rCorr    .         Harm     .   (no gloves)
MR       .....                  k - +0 pair of boots
Stlth    ++........             g - amulet of the gourmand
HPRegen  0.11/turn              (no ring)
MPRegen  0.10/turn              (no ring)

@: no status effects
A: unfitting armour, cold-blooded, AC +5
a: no special abilities


You were on level 3 of the Dungeon.
You were very full.

You visited 1 branch of the dungeon, and saw 4 of its levels.

You collected 105 gold pieces.

Inventory:

Hand Weapons
 a - a +0 dagger
 n - a +0 short sword
 q - a +3 whip (weapon)
Missiles
 i - 22 poisoned darts (quivered)
Armour
 k - a +0 pair of boots (worn)
Jewellery
 g - an amulet of the gourmand (around neck)
 h - an uncursed amulet of inaccuracy
Scrolls
 d - 4 scrolls of identify {unknown}
 e - 3 scrolls of enchant weapon {unknown}
 o - a scroll of magic mapping
 p - a scroll of fog {unknown}
Potions
 c - a potion of curing {unknown}
 f - a potion of resistance {unknown}
 j - a potion of mutation {unknown}
 l - 3 potions of flight {unknown}
 m - a potion of berserk rage {unknown}
Comestibles
 b - 5 rations


   Skills:
 - Level 1.7 Dodging
 - Level 1.7 Stealth
 - Level 2.0 Spellcasting
 + Level 6.0 Conjurations


You couldn't memorise any spells.
You knew the following spells:

 Your Spells              Type           Power        Failure   Level  Hunger
a - Magic Dart            Conj           ###.         1%          1    #......
b - Searing Ray           Conj           ###...       2%          2    ###....
c - Iskenderun's Mystic   Conj           ###.....     16%         4    #####..

Your spell library contained the following spells:

 Spells                   Type           Power        Failure   Level  Hunger
 Dazzling Spray           Conj/Hex       ##....       17%         3    ###....
 Force Lance              Conj/Tloc      ##......     50%         4    #####..
 Fulminant Prism          Conj/Hex       ##........   50%         4    #####..


Dungeon Overview and Level Annotations

Branches:
Dungeon (4/15)
 Temple: D:4-7

Altars:


Innate Abilities, Weirdness & Mutations

Your plain brown scales are hard. (AC +5)
You cannot fit into any form of body armour.
You are cold-blooded and may be slowed by cold attacks.


Message History

You hit the gnoll.
The gnoll is moderately wounded.
The gnoll barely misses you. The gnoll hits you.
You hit the gnoll.
The gnoll is heavily wounded.
The gnoll barely misses you. The gnoll closely misses you.
You barely miss the gnoll.
The gnoll is heavily wounded.
The gnoll closely misses you. The gnoll hits you!
You hit the gnoll.
The gnoll is heavily wounded.
The gnoll hits you but does no damage. x2; The gnoll hits you with a +0 spear!
* * * LOW HITPOINT WARNING * * *
You whack the gnoll!
You kill the gnoll!
Your Conjurations skill increases to level 6!
The gnoll hits you.
* * * LOW HITPOINT WARNING * * *
You barely miss the gnoll. The gnoll hits you.
You die...

.##.##.........###
.#..###..........#
...####..........#
.................#
.#..)............#
..#####..........#
#.# #..........#
#)#
#..........####
#.##
#.........@##≈#
#..#
#........g)##≈#
##.##
#..........#≈≈##
.#..#
######.###..≈≈.#
....# #.......≈≈.#
###.#
#.......≈≈≈## #
#.## #.......≈...#
# #..###
#.....≈..≈≈≈# #
##...#
#.......≈≈≈≈#


You could see a gnoll.

Vanquished Creatures
  3 adders
  2 gnolls
  2 worms (D:2)
  A dart slug (D:2)
  2 leopard geckos (D:3)
  2 giant cockroaches
  4 goblins
  8 hobgoblins
  5 jackals (D:2)
  6 kobolds
  A ball python (D:2)
  4 bats
  2 frilled lizards
  9 rats
51 creatures vanquished.

Notes
Turn   | Place    | Note
-------+----------+-------------------------------------------
     0 | D:1      | Leeroy the Draconian Conjurer began the quest for the Orb.
     0 | D:1      | Reached XP level 1. HP: 14/14 MP: 3/3
   729 | D:1      | Reached XP level 2. HP: 15/20 MP: 5/5
   733 | D:1      | Learned a level 2 spell: Searing Ray
  1540 | D:2      | Reached skill level 5 in Conjurations
  1580 | D:2      | Reached XP level 3. HP: 20/26 MP: 2/6
  2848 | D:3      | Reached XP level 4. HP: 30/33 MP: 7/7
  2854 | D:3      | Learned a level 4 spell: Iskenderun's Mystic Blast
  3842 | D:3      | Reached skill level 6 in Conjurations
  3842 | D:3      | HP: 1/33 [gnoll (4)]
  3843 | D:3      | Slain by a gnoll

Levels and vault maps discovered:
D:1:      minmay_arrival_plants_in_alcoves, layout_basic, solitary_fountain
D:2:      layout_basic
D:3:      layout_rooms, serial_rivers, chequers_serial_rivers_marsh,
          chequers_serial_rivers_micro_d, chequers_serial_rivers_micro_d,
          chequers_serial_rivers_large_b, chequers_serial_rivers_small_3,
          fedhas_ov_isle_minmay
D:4:      layout_cave_pools, minmay_temple_entry_proselytizer

Skill      XL: |  1  2  3  4 |
---------------+-------------+-----
Conjurations   | 5 6 |  6.0
Dodging        | |  1.7
Stealth        | |  1.7
Spellcasting   | |  2.0

Action                   |  1- 3 |  4- 6 || total
-------------------------+-------+-------++-------
Melee: Dagger            |   104 |       ||   104
       Tailslap          |    18 |     1 ||    19
       Short sword       |    87 |     6 ||    93
       Whip              |       |    14 ||    14
 Cast: Magic Dart        |     2 |       ||     2
       Searing Ray       |     3 |     1 ||     4
       Iskenderun's Myst |       |     1 ||     1
  Use: Scroll            |     4 |       ||     4
 Stab: Sleeping          |     4 |     1 ||     5
  Eat: Chunk             |    14 |     5 ||    19
Armor: Skin              |    74 |     4 ||    78
Dodge: Dodged            |   171 |    14 ||   185

Table legend:
 A = Non-vault XP
 B = Vault XP
 C = Vault XP percentage of total XP
 D = Non-vault monster count
 E = Vault monster count
 F = Vault count percentage of total count
                 A         B        C        D         E       F
            +---------+---------+-------+---------+---------+-------
      Total |     152 |       0 |   0.0 |      51 |       0 |   0.0
            +---------+---------+-------+---------+---------+-------
        D:1 |      27 |       0 |   0.0 |      19 |       0 |   0.0
        D:2 |      63 |       0 |   0.0 |      19 |       0 |   0.0
        D:3 |      62 |       0 |   0.0 |      13 |       0 |   0.0
            +---------+---------+-------+---------+---------+-------
